[Event "Titled Tuesday Blitz August 3 2021"]
[White "Yaran, Siar"]
[Black "Obolentseva, Alexandra"]
[WhiteFideId "6323006"]
[BlackFideId "24153648"]
[WhiteElo "1977"]
[BlackElo "2113"]
[Result "0-1"]
[Round "10"]
[TimeControl "180+1"]
[Date "2021.08.03"]
[WhiteClock "0:00:03"]
[BlackClock "0:01:20"]

1. e4 c5 2. Nf3 d6 3. d4 cxd4 4. Nxd4 Nf6 5. Nc3 a6 6. Bg5 e6 7. f4 Nc6 8. Qd2 Qb6 9. O-O-O Nxd4 10. Qxd4 Qxd4 11. Rxd4 Be7 12. Be2 Bd7 13. e5 dxe5 14. fxe5 Ng8 15. Be3 Bc6 16. Bf3 Bxf3 17. gxf3 Rd8 18. Rhd1 Rxd4 19. Rxd4 Bc5 20. Rd3 Bxe3+ 21. Rxe3 Ne7 22. Ne4 O-O 23. Nd6 b6 24. Kd2 Nd5 25. Re4 f6 26. c4 Nc7 27. Ke3 fxe5 28. Rxe5 Rd8 29. Ne4 Rd1 30. b4 Rb1 31. a3 Rb3+ 32. Kf4 Rxa3 33. c5 b5 34. c6 Kf7 35. Nc5 Ke7 36. Re4 Nd5+ 37. Ke5 Nc7 38. Rd4 Re3+ 39. Kf4 e5+ 40. Kxe3 exd4+ 41. Kxd4 Kd6 42. Ne4+ Kxc6 43. Nc5 Kb6 44. Ke5 a5 45. Nd7+ Kc6 46. Nb8+ Kb7 47. Nd7 axb4 48. Kd6 Ne8+ 49. Kc5 Kc7 50. Nf8 Nf6 51. Kxb4 Kd6 52. Kxb5 Ke7 53. Nxh7 Nxh7 54. Kc5 Kf6 55. Kd6 Kf5 56. Ke7 g5 57. Kf7 Nf6 58. Kg7 Nd7 59. Kh6 Ne5 60. Kh5 Nxf3 61. h3 Kf4 62. Kg6 Ng1 0-1


[Site "https://www.chess.com"]

[Event "Titled Tuesday Blitz August 3 2021"]
[White "Zhao, Erick"]
[Black "Krishnakumar, Sriram"]
[WhiteFideId "30946930"]
[BlackFideId "30915856"]
[WhiteElo "2524"]
[BlackElo "2325"]
[Result "1-0"]
[Round "10"]
[TimeControl "180+1"]
[Date "2021.08.03"]
[WhiteClock "0:01:16"]
[BlackClock "0:01:02"]

1. e4 e5 2. Nf3 Nc6 3. Bb5 a6 4. Ba4 Nf6 5. O-O b5 6. Bb3 Bc5 7. c3 d6 8. d4 Bb6 9. Bg5 h6 10. Bxf6 Qxf6 11. Bd5 Bb7 12. a4 O-O 13. axb5 axb5 14. Na3 exd4 15. cxd4 Rab8 16. Nxb5 Nb4 17. Bxb7 Rxb7 18. e5 dxe5 19. dxe5 Qc6 20. Nbd4 Bxd4 21. Nxd4 Qe4 22. Re1 Qh4 23. Qf3 Rbb8 24. Nf5 Qg5 25. h4 Qd2 26. Rad1 Qxb2 27. Qg4 g6 28. h5 Kh7 29. hxg6+ fxg6 30. Rd7+ Kh8 31. Qxg6 1-0


[Site "https://www.chess.com"]

[Event "Titled Tuesday Blitz August 3 2021"]
[White "Zhigalko, Sergei"]
[Black "Weetik, Vjacheslav"]
[WhiteFideId "13502956"]
[BlackFideId "4153472"]
[WhiteElo "2662"]
[BlackElo "2469"]
[Result "1-0"]
[Round "10"]
[TimeControl "180+1"]
[Date "2021.08.03"]
[WhiteClock "0:00:13"]
[BlackClock "0:00:12"]

1. e4 e5 2. Nf3 Nc6 3. Bc4 Nf6 4. Ng5 d5 5. exd5 Na5 6. Bb5+ c6 7. dxc6 bxc6 8. Bd3 h6 9. Ne4 Nd5 10. O-O Nf4 11. Be2 Be7 12. d3 g5 13. Nbc3 f5 14. Ng3 O-O 15. Re1 Qd6 16. Bf1 c5 17. Nb5 Qc6 18. a4 Bb7 19. Bxf4 gxf4 20. Nh5 Qd7 21. Rxe5 f3 22. Qd2 Bg5 23. Qxa5 a6 24. Qc7 1-0


[Site "https://www.chess.com"]

[Event "Titled Tuesday Blitz August 3 2021"]
[White "Zong, Davis"]
[Black "Prydun, Andriy"]
[WhiteFideId "30903955"]
[BlackFideId "14145898"]
[WhiteElo "2373"]
[BlackElo "2024"]
[Result "1-0"]
[Round "10"]
[TimeControl "180+1"]
[Date "2021.08.03"]
[WhiteClock "0:00:08"]
[BlackClock "0:00:01"]

1. d4 Nf6 2. c4 e6 3. g3 Bb4+ 4. Bd2 Be7 5. Bg2 O-O 6. Nf3 c5 7. O-O Nc6 8. Bf4 Qb6 9. d5 Qxb2 10. Nbd2 exd5 11. cxd5 Nxd5 12. Nc4 Qb5 13. Qxd5 Nb4 14. Nd6 Qxe2 15. Qd2 Qxd2 16. Nxd2 Nc2 17. Rac1 Nd4 18. Rfe1 Bf6 19. N2c4 Nc6 20. Rb1 b6 21. Ne3 Ba6 22. Nd5 Bd3 23. Rbd1 Bc2 24. Rd2 Bg6 25. Nxf6+ gxf6 26. Nb5 Rad8 27. Bc7 Rc8 28. Rxd7 Ne5 29. Bxe5 fxe5 30. Rxe5 f6 31. Ree7 Rce8 32. Rxa7 Rxe7 33. Rxe7 Rd8 34. Bf3 Bd3 35. Nc7 Bc4 36. Ne6 Rb8 37. a3 Bd3 38. Bd5 Kh8 39. h4 c4 40. Rc7 Re8 41. Kg2 b5 42. Nf4 Bf5 43. a4 bxa4 44. Rxc4 a3 45. Ra4 Re5 46. Rxa3 Kg7 47. Ra7+ Kh6 48. Rf7 Re2 49. Rxf6+ 1-0


[Site "https://www.chess.com"]

[Event "Titled Tuesday Blitz August 3 2021"]
[White "Zubov, Alexander"]
[Black "Bortnyk, Olexandr"]
[WhiteFideId "14109409"]
[BlackFideId "14120828"]
[WhiteElo "2740"]
[BlackElo "2723"]
[Result "0-1"]
[Round "10"]
[TimeControl "180+1"]
[Date "2021.08.03"]
[WhiteClock "0:00:05"]
[BlackClock "0:00:06"]

1. d4 f5 2. Nc3 d5 3. Bf4 g6 4. Nf3 Bg7 5. e3 Nf6 6. Nb5 Na6 7. c4 c6 8. Nc3 Nc7 9. Bd3 O-O 10. O-O Kh8 11. cxd5 Ncxd5 12. Be5 Be6 13. Rc1 h6 14. Na4 Bg8 15. Nc5 b6 16. Na6 Rc8 17. Qa4 Qd7 18. Bg3 Nh5 19. Ne5 Qe8 20. Rxc6 Nxg3 21. Nxg6+ Kh7 22. Nxf8+ Bxf8 23. Bb5 Nxf1 24. Rxh6+ Bxh6 25. Bxe8 Rc1 26. h3 Nfxe3+ 27. Kh2 Nf1+ 28. Kg1 Bf4 29. g3 Nxg3+ 30. Kg2 Ne4 31. Qd7 Nd6 32. Bh5 Rc2 33. Kg1 Rc1+ 34. Kg2 Rc2 35. Kg1 Bg5 36. Bf3 Rxb2 37. Nc7 Nxc7 38. Qxc7 Rxa2 39. Qc6 Bh4 40. Bd5 Bxd5 41. Qxd5 Rxf2 42. Qe6 Rf4 43. Qe5 Re4 44. Qd5 Bf6 45. Kg2 Rxd4 46. Qa8 a5 47. Qa7 a4 48. Qxb6 Rh4 49. Qa6 Re4 50. Qa7 Kg7 51. Qa6 Nc4 52. Qxa4 Ne3+ 53. Kf3 Rxa4 0-1


[Site "https://www.chess.com"]

[Event "Titled Tuesday Blitz August 3 2021"]
[White "Abdusattorov, Nodirbek"]
[Black "Hansen, Eric"]
[WhiteFideId "14204118"]
[BlackFideId "2606771"]
[WhiteElo "2662"]
[BlackElo "2568"]
[Result "1/2-1/2"]
[Round "11"]
[TimeControl "180+1"]
[Date "2021.08.03"]
[WhiteClock "0:00:03"]
[BlackClock "0:00:03"]

1. e4 e5 2. Nf3 Nc6 3. Bb5 a6 4. Ba4 Nf6 5. O-O Be7 6. Re1 b5 7. Bb3 d6 8. c3 O-O 9. h3 Na5 10. Bc2 c5 11. d4 Nd7 12. dxe5 dxe5 13. Nbd2 Qc7 14. b3 Bb7 15. Nf1 Rad8 16. Qe2 Nf6 17. Ng3 g6 18. Bg5 Nc6 19. Nh4 Nh5 20. Bxe7 Nf4 21. Qe3 Qxe7 22. Nf3 Rd7 23. Rad1 Rfd8 24. Rxd7 Rxd7 25. Kh2 b4 26. cxb4 cxb4 27. Qb6 h5 28. Rd1 Rxd1 29. Bxd1 Kg7 30. Nf1 Ne6 31. Ne3 Qc7 32. Qxc7 Nxc7 33. Nc4 f6 34. Nd6 Ba8 35. h4 Kf8 36. Nd2 Ke7 37. Nc8+ Kd8 38. Nb6 Bb7 39. g4 hxg4 40. Bxg4 Nb5 41. Nd7 f5 42. Nc5 Bc8 43. exf5 gxf5 44. Be2 Nc3 45. Bxa6 Bxa6 46. Nxa6 Nxa2 47. Nc5 Ke7 48. Nc4 Kf6 49. Nd7+ Ke6 50. h5 Nc1 51. h6 Kf7 52. Ndxe5+ Nxe5 53. Nxe5+ Kg8 54. Kg3 Kh7 55. Kf4 Nxb3 56. Nd3 Nd4 57. Ke5 Nf3+ 58. Kf4 Nd2 59. Kg5 b3 60. Nb2 Ne4+ 61. Kxf5 Nxf2 62. Ke5 Kxh6 63. Kd4 Kg5 64. Kc3 Kf4 65. Nd3+ Nxd3 66. Kxb3 1/2-1/2


[Site "https://www.chess.com"]

[Event "Titled Tuesday Blitz August 3 2021"]
[White "Aggelis, Nikolaos"]
[Black "Li, Eric"]
[WhiteFideId "4213220"]
[BlackFideId "30939941"]
[WhiteElo "2154"]
[BlackElo "1961"]
[Result "1/2-1/2"]
[Round "11"]
[TimeControl "180+1"]
[Date "2021.08.03"]
[WhiteClock "0:02:10"]
[BlackClock "0:02:07"]

1. d4 g6 2. g3 Bg7 3. Bg2 Nf6 4. Nf3 O-O 5. O-O d5 6. c4 dxc4 7. Na3 Be6 8. Ne5 Bd5 9. Naxc4 Bxg2 10. Kxg2 Nc6 11. Nxc6 bxc6 12. Kg1 Ne4 13. Be3 Qd5 14. Rc1 h5 15. h4 g5 16. hxg5 h4 17. gxh4 Qf5 18. f3 Qh3 19. fxe4 Qg3+ 20. Kh1 Qh3+ 21. Kg1 Qg3+ 22. Kh1 Qh3+ 23. Kg1 1/2-1/2


[Site "https://www.chess.com"]

[Event "Titled Tuesday Blitz August 3 2021"]
[White "Alavi, Sayed Javad"]
[Black "Trent, Lawrence"]
[WhiteFideId "12500607"]
[BlackFideId "408638"]
[WhiteElo "2495"]
[BlackElo "2474"]
[Result "1-0"]
[Round "11"]
[TimeControl "180+1"]
[Date "2021.08.03"]
[WhiteClock "0:00:20"]
[BlackClock "0:00:55"]

1. e4 e6 2. d4 d5 3. exd5 exd5 4. Nf3 Bd6 5. c4 c6 6. Nc3 Ne7 7. c5 Bc7 8. Bd3 O-O 9. O-O Nd7 10. Bg5 f6 11. Bd2 Rf7 12. Qc2 Nf8 13. h3 Neg6 14. Rae1 Bb8 15. b4 Qc7 16. Ne2 b5 17. Ng3 a5 18. bxa5 Nf4 19. Bf5 g6 20. Bxc8 Qxc8 21. a4 bxa4 22. Qxa4 Nxh3+ 23. gxh3 Qxh3 24. Qxc6 Raa7 25. Qxd5 Bxg3 26. fxg3 Qxg3+ 27. Kh1 Rd7 28. Qe4 Rfe7 29. Qh4 Qxh4+ 30. Nxh4 Rxe1 31. Bxe1 Rxd4 32. Rxf6 Nd7 33. Rd6 Rxd6 34. cxd6 Kf7 35. a6 Ke6 36. Bf2 1-0


[Site "https://www.chess.com"]

[Event "Titled Tuesday Blitz August 3 2021"]
[White "Alavkin, Arseny"]
[Black "Zhao, Erick"]
[WhiteFideId "4120612"]
[BlackFideId "30946930"]
[WhiteElo "2401"]
[BlackElo "2529"]
[Result "0-1"]
[Round "11"]
[TimeControl "180+1"]
[Date "2021.08.03"]
[WhiteClock "0:02:22"]
[BlackClock "0:00:23"]

1. d4 Nf6 2. Bf4 g6 3. Nc3 d5 4. e3 Bg7 5. h4 h6 6. Be2 O-O 7. Nf3 c5 8. dxc5 Nc6 9. Ne5 Qa5 10. Nxc6 bxc6 11. h5 g5 12. Be5 Qxc5 13. Qd4 Qa5 14. f4 c5 15. Qd3 g4 16. O-O-O e6 17. Rh4 Rd8 18. Bxg4 d4 19. Ne4 Nxe4 20. Qxe4 Qxa2 21. Qxa8 Qa1+ 22. Kd2 Qxb2 23. Bxg7 Qc3+ 24. Ke2 Ba6+ 25. Kf2 Qxe3# 0-1


[Site "https://www.chess.com"]

[Event "Titled Tuesday Blitz August 3 2021"]
[White "Aldokhin, Ivan"]
[Black "Nguyen Hong Nhung"]
[WhiteFideId "24115720"]
[BlackFideId "12412201"]
[WhiteElo "2306"]
[BlackElo "1661"]
[Result "1-0"]
[Round "11"]
[TimeControl "180+1"]
[Date "2021.08.03"]
[WhiteClock "0:00:42"]
[BlackClock "0:00:01"]

1. e4 c5 2. Nf3 e6 3. d4 cxd4 4. Nxd4 Nc6 5. Nxc6 bxc6 6. Bd3 d5 7. O-O Nf6 8. Nd2 Bd6 9. Qe2 Qc7 10. h3 O-O 11. c4 Re8 12. b3 e5 13. cxd5 cxd5 14. exd5 Nxd5 15. Qe4 Bb7 16. Qxh7+ Kf8 17. Ne4 Ke7 18. Bg5+ Ke6 19. Rad1 Rh8 20. Ng3 g6 21. Bf5+ gxf5 22. Qxf5# 1-0


[Site "https://www.chess.com"]

[Event "Titled Tuesday Blitz August 3 2021"]
[White "Al-Tarboush, Ward"]
[Black "Nasyrova, Ekaterina"]
[WhiteFideId "7601450"]
[BlackFideId "44157797"]
[WhiteElo "2319"]
[BlackElo "2115"]
[Result "0-1"]
[Round "11"]
[TimeControl "180+1"]
[Date "2021.08.03"]
[WhiteClock "0:00:05"]
[BlackClock "0:00:31"]

1. e4 e5 2. Nf3 Nc6 3. Bb5 Nf6 4. O-O Nxe4 5. Re1 Nd6 6. Nxe5 Be7 7. Bd3 Nxe5 8. Rxe5 O-O 9. b3 Bf6 10. Bb2 g6 11. Qe2 Kg7 12. Nc3 c6 13. Re1 b5 14. Rh5 Nb7 15. Qf3 b4 16. Ne4 Bxb2 17. Ng5 h6 18. Qh3 gxh5 19. Qf5 Qxg5 20. Qh7+ Kf6 21. Re3 d5 22. f4 Qg7 0-1


[Site "https://www.chess.com"]

[Event "Titled Tuesday Blitz August 3 2021"]
[White "Ambartsumova, Karina"]
[Black "Timmermans, Mark"]
[WhiteFideId "4166299"]
[BlackFideId "1026399"]
[WhiteElo "2262"]
[BlackElo "2460"]
[Result "0-1"]
[Round "11"]
[TimeControl "180+1"]
[Date "2021.08.03"]
[WhiteClock "0:00:16"]
[BlackClock "0:00:17"]

1. c4 Nf6 2. Nc3 e5 3. Nf3 Nc6 4. a3 d5 5. cxd5 Nxd5 6. Qc2 Be7 7. e4 Nf4 8. d4 exd4 9. Bxf4 dxc3 10. Rd1 Bd7 11. Qxc3 O-O 12. Be2 Bf6 13. e5 Be7 14. O-O Qc8 15. h3 a6 16. Bc4 Be6 17. Rd2 Rd8 18. Rfd1 Rxd2 19. Rxd2 Bxc4 20. Qxc4 Qe8 21. e6 Bf6 22. exf7+ Qxf7 23. Qxf7+ Kxf7 24. Bxc7 Rc8 25. Bf4 h6 26. Rd7+ Ke6 27. Rxb7 Na5 28. Rb6+ Rc6 29. Rxc6+ Nxc6 30. b3 Kd5 31. Bd2 Ke4 32. Kf1 Kd3 33. Bf4 Kc2 34. Nd2 Bc3 35. Ne4 Bb2 36. a4 a5 37. Nc5 Ba3 38. Ne6 g5 39. Bc7 Kxb3 40. Ke2 Kxa4 41. g3 Kb3 42. f4 a4 43. f5 Be7 44. Bb6 Bf6 45. Nc5+ Kb4 46. Nxa4 Kxa4 47. Kf3 Kb5 48. Be3 h5 49. h4 gxh4 50. gxh4 Bxh4 51. Bf4 Kc4 52. Ke4 Ne7 53. Bh2 Bf6 54. Bf4 Nd5 55. Bh2 Nc3+ 56. Kf4 Kd5 57. Kf3 Ne4 58. Kg2 Be5 59. Bg1 Bf4 60. Kh3 Bg5 61. Bh2 Nf6 62. Bg3 Ke4 63. Bh2 Kxf5 64. Bg3 Ne4 65. Bh2 Bf4 66. Bg1 Bg3 67. Be3 h4 68. Bc1 Nf2+ 69. Kg2 Kg4 70. Be3 h3+ 71. Kf1 Ne4 72. Bg1 h2 73. Bxh2 Bxh2 74. Kg2 Bf4 75. Kf1 Kf3 76. Ke1 Nf2 77. Kf1 Bh2 78. Ke1 Ne4 79. Kd1 Ke3 80. Kc2 Nd2 81. Kc3 Bd6 82. Kc2 Be5 83. Kd1 Kd3 84. Ke1 Bg3+ 85. Kd1 Bh4 86. Kc1 Nc4 87. Kd1 Nb2+ 88. Kc1 Kc3 89. Kb1 Kb3 90. Kc1 Bg5+ 91. Kb1 Bf4 92. Ka1 Nc4 93. Kb1 Na3+ 94. Ka1 Be5# 0-1


[Site "https://www.chess.com"]

[Event "Titled Tuesday Blitz August 3 2021"]
[White "Andreikin, Dmitry"]
[Black "Quparadze, Giga"]
[WhiteFideId "4158814"]
[BlackFideId "13602250"]
[WhiteElo "2782"]
[BlackElo "2658"]
[Result "1-0"]
[Round "11"]
[TimeControl "180+1"]
[Date "2021.08.03"]
[WhiteClock "0:00:08"]
[BlackClock "0:00:11"]

1. Nf3 c5 2. c4 Nc6 3. d4 cxd4 4. Nxd4 g6 5. e4 Bg7 6. Be3 Nf6 7. Nc3 O-O 8. Be2 b6 9. O-O Bb7 10. f3 Rc8 11. Qd2 d6 12. Rfd1 Nd7 13. Kh1 Nxd4 14. Bxd4 Bxd4 15. Qxd4 Qc7 16. Rac1 Qc5 17. Qd2 Qe5 18. b3 Nf6 19. Qe3 g5 20. Nb5 Qc5 21. Nd4 Kh8 22. b4 Qxb4 23. Nf5 Rc7 24. Qxg5 Rg8 25. Qh4 Qb2 26. Bf1 Qe5 27. Rd2 Bc8 28. Nh6 Rg7 29. Re1 Be6 30. Rdd1 Ng8 31. f4 Qf6 32. Qxf6 Nxf6 33. f5 Bxc4 34. Bxc4 Rxc4 35. e5 Ne4 36. f6 Nf2+ 37. Kg1 Nh3+ 38. Kh1 Nf2+ 39. Kg1 Nh3+ 40. Kf1 Rf4+ 41. Ke2 Rxg2+ 42. Ke3 exf6 43. exd6 Rgf2 44. d7 R2f3+ 45. Kd2 Rd4+ 46. Kc1 Rc3+ 47. Kb2 Rcd3 48. Rxd3 Rxd3 49. Nxf7+ Kg7 50. d8=Q 1-0


[Site "https://www.chess.com"]

[Event "Titled Tuesday Blitz August 3 2021"]
[White "Andrews, Todd"]
[Black "Daggupati, Balaji"]
[WhiteFideId "2012456"]
[BlackFideId "2090759"]
[WhiteElo "2431"]
[BlackElo "2653"]
[Result "0-1"]
[Round "11"]
[TimeControl "180+1"]
[Date "2021.08.03"]
[WhiteClock "0:00:20"]
[BlackClock "0:01:03"]

1. d4 d5 2. c4 e6 3. Nc3 c6 4. Nf3 dxc4 5. a4 Bb4 6. e3 b5 7. Bd2 Bb7 8. axb5 Bxc3 9. Bxc3 cxb5 10. b3 a5 11. bxc4 b4 12. Bb2 Nf6 13. Bd3 O-O 14. O-O Nbd7 15. c5 Bc6 16. Qe2 Qb8 17. e4 Qb7 18. Rfe1 Rfd8 19. Nd2 a4 20. Nc4 Nf8 21. Nb6 Ra5 22. d5 Rxc5 23. Bxf6 gxf6 24. Nxa4 Bxa4 25. Rxa4 exd5 26. Qg4+ Ng6 27. exd5 Qxd5 28. Bxg6 hxg6 29. Rxb4 Rc2 30. h4 Qd2 31. Rf1 Rc1 32. Rxc1 Qxc1+ 33. Kh2 Rd1 34. Qf4 Rh1+ 35. Kg3 Qc3+ 36. f3 Qe1+ 0-1


[Site "https://www.chess.com"]

[Event "Titled Tuesday Blitz August 3 2021"]
[White "Arabidze, Meri"]
[Black "Seletsky, Grigory"]
[WhiteFideId "13604040"]
[BlackFideId "14112191"]
[WhiteElo "2432"]
[BlackElo "2492"]
[Result "1-0"]
[Round "11"]
[TimeControl "180+1"]
[Date "2021.08.03"]
[WhiteClock "0:02:10"]
[BlackClock "0:00:53"]

1. Nf3 d6 2. d4 Nf6 3. g3 Bg4 4. Bg2 Bxf3 5. exf3 d5 6. O-O c6 7. f4 e6 8. c3 g6 9. Nd2 Bg7 10. Nf3 O-O 11. Ne5 Nbd7 12. Qe2 a6 13. h4 h5 14. Bh3 c5 15. Be3 Rc8 16. Rad1 Qc7 17. Rfe1 b5 18. a3 c4 19. f3 a5 20. g4 hxg4 21. fxg4 b4 22. axb4 axb4 23. h5 bxc3 24. hxg6 Nxe5 25. fxe5 Ne4 26. g5 cxb2 27. Qh5 Ng3 28. Qh7# 1-0


[Site "https://www.chess.com"]

[Event "Titled Tuesday Blitz August 3 2021"]
[White "Ashiev, Eduard"]
[Black "Yaran, Siar"]
[WhiteFideId "4130090"]
[BlackFideId "6323006"]
[WhiteElo "2106"]
[BlackElo "1977"]
[Result "1/2-1/2"]
[Round "11"]
[TimeControl "180+1"]
[Date "2021.08.03"]
[WhiteClock "0:00:12"]
[BlackClock "0:00:25"]

1. d4 Nf6 2. Nf3 e6 3. c4 d5 4. Nc3 Be7 5. Bf4 O-O 6. e3 Nbd7 7. c5 Nh5 8. Bg3 b6 9. b4 a5 10. c6 Bxb4 11. Qc2 Nb8 12. a3 Bd6 13. Nb5 Nxg3 14. hxg3 g6 15. Bd3 Ba6 16. a4 Bc8 17. Ke2 Na6 18. Rh6 Nb4 19. Qc3 Kg7 20. Rah1 Rh8 21. Bb1 Ba6 22. Kd1 Qe8 23. Ng5 Qxc6 24. Rxh7+ Rxh7 25. Rxh7+ Kg8 26. Qxc6 Nxc6 27. Nxd6 cxd6 28. Rxf7 Rf8 29. Rc7 Rc8 30. Rd7 Rd8 31. Rc7 Rc8 32. Rd7 Rd8 33. Rc7 Rc8 1/2-1/2


[Site "https://www.chess.com"]

[Event "Titled Tuesday Blitz August 3 2021"]
[White "Bach, Matthias"]
[Black "Pajeken, Jakob Leon"]
[WhiteFideId "4603168"]
[BlackFideId "12942839"]
[WhiteElo "2213"]
[BlackElo "2231"]
[Result "0-1"]
[Round "11"]
[TimeControl "180+1"]
[Date "2021.08.03"]
[WhiteClock "0:00:05"]
[BlackClock "0:00:19"]

1. d4 d5 2. c4 dxc4 3. Nf3 Nf6 4. Nc3 e6 5. e4 c5 6. Bxc4 cxd4 7. Qxd4 Qxd4 8. Nxd4 a6 9. f3 b5 10. Bb3 Nbd7 11. a4 b4 12. Nce2 Bb7 13. Be3 Bc5 14. Nc1 Ne5 15. Nc2 Be7 16. a5 O-O 17. Kf2 Rfc8 18. Rd1 Nc4 19. Nd3 Rab8 20. Bxc4 Rxc4 21. Rac1 Rbc8 22. Na1 Rxc1 23. Rxc1 Rxc1 24. Nxc1 Nd7 25. Nab3 Ne5 26. Ke2 Bc6 27. Nd4 Bd7 28. Nd3 Nxd3 29. Kxd3 e5 30. Nf5 Bb5+ 31. Kc2 Bf8 32. g3 g6 33. Nh4 Bf1 34. f4 Be7 35. Nf3 exf4 36. gxf4 h5 37. Nd2 Be2 38. Kb3 h4 39. Bd4 f5 40. exf5 gxf5 41. Be5 Kf7 0-1


[Site "https://www.chess.com"]

[Event "Titled Tuesday Blitz August 3 2021"]
[White "Ballester Llagaria, Luis Eduardo"]
[Black "Rusan, Paul-Cristian"]
[WhiteFideId "2297620"]
[BlackFideId "1209191"]
[WhiteElo "2344"]
[BlackElo "2167"]
[Result "1-0"]
[Round "11"]
[TimeControl "180+1"]
[Date "2021.08.03"]
[WhiteClock "0:01:51"]
[BlackClock "0:01:55"]

1. e4 c5 2. Nc3 e6 3. Nf3 a6 4. d4 cxd4 5. Nxd4 Qc7 6. Bd3 b5 7. O-O Bb7 8. Re1 d6 9. a4 b4 10. Na2 d5 11. exd5 Bxd5 12. c3 bxc3 13. Nxc3 Nf6 14. Nxd5 Nxd5 15. Qh5 g6 16. Qxd5 Ra7 17. Nxe6 fxe6 18. Qxe6+ Be7 19. Be3 Qd7 20. Bxa7 Qxa7 21. Qc8+ Kf7 22. Qxh8 1-0


[Site "https://www.chess.com"]

[Event "Titled Tuesday Blitz August 3 2021"]
[White "Baskin, Robert"]
[Black "Tomiello, Mateus Costamilan"]
[WhiteFideId "24662402"]
[BlackFideId "22701958"]
[WhiteElo "2462"]
[BlackElo "1995"]
[Result "1-0"]
[Round "11"]
[TimeControl "180+1"]
[Date "2021.08.03"]
[WhiteClock "0:00:39"]
[BlackClock "0:00:04"]

1. e4 e5 2. Nf3 Nc6 3. Bc4 Nf6 4. d4 exd4 5. e5 d5 6. Bb5 Ne4 7. Nxd4 Bd7 8. Bxc6 bxc6 9. O-O Bc5 10. Be3 Bb6 11. f3 Ng5 12. f4 Ne4 13. Nd2 Nxd2 14. Qxd2 Qe7 15. Nb3 Bf5 16. Rae1 O-O 17. Qc3 Qe6 18. Bc5 Be4 19. Re3 Rfe8 20. Nd4 Qd7 21. Rg3 h5 22. Bxb6 axb6 23. f5 c5 24. e6 cxd4 25. Rxg7+ Kf8 26. Qg3 Rxe6 27. fxe6 Qxe6 28. Rg8+ Ke7 29. Qxc7+ 1-0


[Site "https://www.chess.com"]

[Event "Titled Tuesday Blitz August 3 2021"]
[White "Bazarov, Konstantin"]
[Black "Galyas, Miklos"]
[WhiteFideId "4137000"]
[BlackFideId "707244"]
[WhiteElo "2190"]
[BlackElo "2409"]
[Result "0-1"]
[Round "11"]
[TimeControl "180+1"]
[Date "2021.08.03"]
[WhiteClock "0:00:24"]
[BlackClock "0:00:26"]

1. d4 d5 2. c4 c6 3. Nc3 Nf6 4. e3 a6 5. Nf3 Bf5 6. Nh4 Bg4 7. f3 Bc8 8. g4 e6 9. Ng2 c5 10. g5 cxd4 11. exd4 Nfd7 12. cxd5 exd5 13. h4 Nb6 14. Qb3 Nc6 15. Be3 Bd6 16. O-O-O Bf5 17. Bd3 Bxd3 18. Rxd3 O-O 19. Kb1 Na5 20. Qd1 Nac4 21. Bc1 Rc8 22. h5 Qd7 23. Nh4 Bg3 24. g6 Bxh4 25. gxh7+ Kh8 26. Rxh4 Qf5 27. b3 Rfe8 28. Ka1 Nd6 29. Rh1 Re7 30. Ba3 Rec7 31. Ne2 Nb5 32. Bc5 Nd7 33. a4 Nxc5 34. dxc5 Qf6+ 35. Ka2 Rxc5 36. Rd2 Nc3+ 37. Nxc3 Rxc3 38. Re1 Rxf3 39. Rde2 Rcc3 40. Re8+ Kxh7 41. Qb1+ Qf5 42. Qxf5+ Rxf5 43. Rb1 Rc2+ 44. Ka3 a5 45. Re7 Rff2 46. b4 Rc3+ 47. Rb3 axb4+ 48. Kxb4 Rc4+ 49. Kb5 Rf5 50. Rxb7 Rxh5 51. a5 Rf4 52. a6 d4+ 53. Kc4 Rf6 54. Ra3 Rhh6 55. Ra7 Rd6 56. Kc5 d3 57. Ra1 d2 58. Rd1 Rxa6 59. Rxa6 Rxa6 60. Rxd2 Re6 61. Kc4 g5 62. Rh2+ Kg6 63. Kd5 Re8 64. Rh8 Rxh8 0-1


[Site "https://www.chess.com"]

[Event "Titled Tuesday Blitz August 3 2021"]
[White "Begunov, Konstantin"]
[Black "Mikhailovsky, Vladimir"]
[WhiteFideId "4118510"]
[BlackFideId "34105414"]
[WhiteElo "2262"]
[BlackElo "2315"]
[Result "0-1"]
[Round "11"]
[TimeControl "180+1"]
[Date "2021.08.03"]
[WhiteClock "0:00:01"]
[BlackClock "0:00:04"]

1. d4 Nf6 2. c4 e6 3. Nf3 d5 4. Nc3 a6 5. cxd5 exd5 6. Bg5 Be6 7. e3 Nbd7 8. Be2 Bd6 9. O-O O-O 10. a3 h6 11. Bh4 c6 12. b4 Re8 13. Na4 b5 14. Nc5 Nb6 15. Ne5 Qc7 16. Bxf6 gxf6 17. Nf3 Kh8 18. g3 Rg8 19. Nh4 Bh3 20. Kh1 Bxf1 21. Qxf1 Bf8 22. Qh3 Nc4 23. Qf5 Qe7 24. Bd3 Rg7 25. Qh5 Rg5 26. Qe2 Nd6 27. Qf3 a5 28. Rc1 axb4 29. axb4 Ra3 30. Nf5 Nxf5 31. Bxf5 Qa7 32. h4 Rg8 33. Kg2 Ra1 34. Bb1 Bg7 35. Qf5 Rxb1 36. Rxb1 Qa3 37. Nd3 Re8 38. Nf4 Qa2 39. Rc1 Rxe3 40. Rxc6 Re8 41. Rc7 Qb2 42. Rxf7 Qxd4 43. Qg4 Qe4+ 44. Kh2 Rg8 45. Ng6+ Kh7 46. Nf8+ Kh8 47. Ne6 Qxg4 48. Nf4 Qf5 49. h5 Kh7 50. Kg2 d4 51. Rb7 d3 52. Rb6 Qe4+ 53. Kh2 d2 54. Rd6 Qe1 0-1


[Site "https://www.chess.com"]

[Event "Titled Tuesday Blitz August 3 2021"]
[White "Berezin, Viktor"]
[Black "Novikov, Evgenij"]
[WhiteFideId "14107872"]
[BlackFideId "4125380"]
[WhiteElo "2310"]
[BlackElo "2242"]
[Result "1-0"]
[Round "11"]
[TimeControl "180+1"]
[Date "2021.08.03"]
[WhiteClock "0:01:26"]
[BlackClock "0:00:02"]

1. d4 Nf6 2. c4 c5 3. d5 b5 4. Qc2 bxc4 5. e4 d6 6. Bxc4 g6 7. Nf3 Bg7 8. Nc3 O-O 9. O-O Ba6 10. Nb5 Nbd7 11. a4 Nb6 12. Be2 Qd7 13. Bd2 Rfb8 14. b3 Ne8 15. Bc3 f6 16. Nd2 Nc8 17. Ba5 Bxb5 18. Bxb5 Rxb5 19. axb5 Qxb5 20. Qc4 Qb7 21. Rab1 Nb6 22. Bxb6 axb6 23. b4 b5 24. bxc5 bxc4 25. Rxb7 c3 26. Nb3 dxc5 27. Nxc5 Rc8 28. Nd3 Nd6 29. Rxe7 Bf8 30. Re6 Kf7 31. e5 Ne4 32. exf6 Nd2 33. Ne5+ Kg8 34. f7+ Kh8 35. Re8 Rc7 36. Rxf8+ Kg7 37. Rg8+ Kh6 38. f8=Q+ 1-0


[Site "https://www.chess.com"]

[Event "Titled Tuesday Blitz August 3 2021"]
[White "Bortnyk, Olexandr"]
[Black "Martinez Alcantara, Jose Eduardo"]
[WhiteFideId "14120828"]
[BlackFideId "3805662"]
[WhiteElo "2723"]
[BlackElo "2690"]
[Result "1-0"]
[Round "11"]
[TimeControl "180+1"]
[Date "2021.08.03"]
[WhiteClock "0:00:09"]
[BlackClock "0:00:09"]

1. e4 c5 2. Be2 Nc6 3. f4 g6 4. Nf3 Bg7 5. d3 Nf6 6. c3 O-O 7. O-O d6 8. Qe1 e6 9. Nbd2 b6 10. Kh1 Rb8 11. a4 a6 12. Nc4 d5 13. Nce5 Ne7 14. Ng5 h6 15. Qh4 dxe4 16. dxe4 Bb7 17. Ngxf7 Rxf7 18. Nxf7 Kxf7 19. f5 g5 20. Bxg5 hxg5 21. Qxg5 e5 22. Bc4+ Kf8 23. Rad1 Qe8 24. Rd6 Nxe4 25. Qg4 Nxd6 26. f6 Ng6 27. Bb3 c4 28. Bc2 e4 29. Qg5 Kg8 30. fxg7 Kxg7 31. Qf6+ Kh7 32. Qxd6 Rd8 33. Qxb6 Qe7 34. Qe3 Rd6 35. h3 Kg7 36. Re1 Rf6 37. Qd4 Qe5 38. Qxc4 Bd5 39. Qc5 e3 40. Qxe3 Qxe3 41. Rxe3 Rf2 42. Bxg6 Kxg6 43. Rg3+ Kf5 44. b4 Ra2 45. a5 Kf4 46. Kh2 Rc2 47. Rg4+ Kf5 48. Rg3 Kf4 49. h4 Be4 50. h5 Rd2 51. c4 Rd6 52. Rg7 Rh6 53. g4 Rd6 54. Kh3 Rd1 55. Rf7+ Ke5 56. Kh4 Rc1 57. c5 Rc4 58. h6 Rxb4 59. h7 Rb8 60. Kg5 Ke6 61. Ra7 Rh8 62. Kh6 Kd5 63. g5 Bxh7 64. Rxh7 Rg8 65. g6 Kxc5 66. g7 Kb5 67. Rh8 Rxg7 68. Kxg7 Kxa5 69. Rb8 Ka4 70. Kf6 a5 71. Ke5 Ka3 72. Kd4 a4 73. Kc3 Ka2 74. Rb4 a3 75. Rb3 Ka1 76. Rxa3+ Kb1 77. Ra4 Kc1 78. Ra1# 1-0


[Site "https://www.chess.com"]